 Dungeon Crawl Stone Soup version 0.20.1-1-g8b1a95d (webtiles) character file.

559 doot the Shield-Bearer (level 7, -3/55 HPs)
             Began as a Formicid Fighter on July 10, 2017.
             Splashed by a jelly's acid (7 damage)
             ... on level 5 of the Dungeon.
             The game lasted 00:12:15 (5406 turns).

doot the Shield-Bearer (Formicid Fighter)           Turns: 5406, Time: 00:12:19

Health: -3/55      AC: -2    Str: 20    XL:     7   Next: 57%
Magic:  7/7        EV:  9    Int: 10    God:    Xom [....*.]
Gold:   134        SH: 10    Dex: 11    Spells: 3/6 levels left

rFire    . . .     SeeInvis +   a - +0 war axe
rCold    + . .     Gourm    .   c - +0 shield
rNeg     . . .     Faith    .   b - +0 scale mail
rPois    .         Spirit   .   (helmet unavailable)
rElec    .         Reflect  .   (no cloak)
rCorr    .         Harm     .   C - +0 pair of gloves of Honour {rC+}
MR       .....                  w - +0 pair of boots
Stlth    ..........             (no amulet)
Regen    0.2/turn               D - +3 ring of intelligence
MPRegen  0.1/turn               (no ring)

@: corroded
A: permanent stasis, dig shafts and tunnels, four strong arms, antennae 3,
blurry vision 1, weak 1
a: Dig, Shaft Self, Renounce Religion


You were on level 5 of the Dungeon.
You worshipped Xom.
You were a beloved toy of Xom.
You were near starving.

You visited 1 branch of the dungeon, and saw 5 of its levels.

You collected 390 gold pieces.
You spent 256 gold pieces at shops.

Inventory:

Hand Weapons
 a - a +0 war axe (weapon)
Missiles
 u - 4 silver javelins (quivered)
Armour
 b - a +0 scale mail (worn)
 c - a +0 shield (worn)
 w - a +0 pair of boots (worn)
 C - the +0 pair of gloves of Honour (worn) {rC+}
   (You bought it in a shop on level 4 of the Dungeon)

   It protects you from cold.
Jewellery
 D - a +3 ring of intelligence (left hand)
Scrolls
 h - a scroll of magic mapping {unknown}
 j - a scroll of random uselessness {unknown}
 k - a scroll of immolation {unknown}
 n - 2 scrolls of enchant weapon {unknown}
 o - 7 scrolls of identify {unknown}
 s - 3 scrolls of enchant armour {unknown}
 t - 2 scrolls of fog {unknown}
 v - 3 scrolls of remove curse {unknown}
 x - 2 scrolls of amnesia {unknown}
 y - a scroll of teleportation {unknown}
 z - a scroll of recharging {unknown}
Potions
 d - a potion of might
 e - 2 potions of haste {unknown}
 g - a potion of ambrosia {unknown}
 i - 2 potions of curing
 p - 2 potions of heal wounds {unknown}
 q - 2 potions of agility {unknown}
 A - a potion of invisibility {unknown}
 E - a potion of degeneration {unknown}
Books
 B - a book of Maledictions

   Spells                             Type                      Level
   a - Corona                         Hexes                        1
   b - Ensorcelled Hibernation        Hexes/Ice                    2
   c - Confuse                        Hexes                        3
   d - Tukima's Dance                 Hexes                        3
   e - Dazzling Spray                 Conjuration/Hexes            3
Comestibles
 f - 5 bread rations
 l - 4 fruits
 m - 3 meat rations
 r - 5 royal jellies


   Skills:
 + Level 4.8 Fighting
 + Level 4.8 Axes
 + Level 0.6 Throwing
 + Level 4.6 Armour
 + Level 1.7 Dodging
 + Level 0.3 Stealth
 + Level 4.9 Shields
 * Level 1.7 Hexes


You had 3 spell levels left.
You knew the following spells:

 Your Spells              Type           Power        Failure   Level  Hunger
a - Confuse               Hex            #.......     98%         3    ####...


Dungeon Overview and Level Annotations

Branches:
Dungeon (5/15)
 Temple: D:4-7

Altars:
Dithmenos
Fedhas
Makhleb
Sif Muna
Xom
Zin

Shops:
D:4 [


Innate Abilities, Weirdness & Mutations

You cannot be hasted, slowed, berserked, paralysed or teleported.
You can dig through walls and to a lower floor.
Your four strong arms can wield two-handed weapons with a shield.
You have a pair of large antennae on your head. (SInv)
Scrolls take you a little longer to read.
You are weak. (Str -2)


Message History

The jelly hits you.
You are splashed with acid!
The acid burns!
You hit the jelly but do no damage. The acid corrodes you!
Your hands burn!
The jelly is almost dead.
The jelly hits you but does no damage.
You hit the jelly.
Your hands burn!
* * * LOW HITPOINT WARNING * * *
The jelly is almost dead.
You block the jelly's attack. The jelly hits you but does no damage.
You hit the jelly but do no damage.
Your hands burn!
* * * LOW HITPOINT WARNING * * *
The jelly is almost dead.
The jelly hits you but does no damage.
You hit the jelly but do no damage. The acid corrodes you!
Your hands burn!
* * * LOW HITPOINT WARNING * * *
The jelly is almost dead.
The jelly hits you.
* * * LOW HITPOINT WARNING * * *
The acid corrodes you!
You are splashed with acid!
The acid burns!
You die...
Xom cackles wildly!

...>. .#
#.#.###.###
#<#.#≈≈.≈≈
#.####...#≈#.#≈#.#
#..........._....#
######.###≈#%#≈###
######.###≈≈.≈≈ ##
#.(..J...###.### .#
#.._..@......# .#
#.......######
.####### #.......#
.......# #......(#
######.#########.##
# #...._......# #
#..########## #
#.....# # ##.##.#


You could see a jelly.

Vanquished Creatures
  A howler monkey (D:5)
  An orc priest (D:4)
  5 orc wizards
  Jessica (D:2)
  Natasha (twice) (D:4)
  A worker ant (D:4)
  9 adders
  4 gnolls (D:5)
  A shadow imp (D:5)
  An adder zombie (D:5)
  2 worms (D:3)
  3 dart slugs
  3 leopard geckos
  15 orcs
  3 ball pythons
  8 bats
  2 giant cockroaches
  8 goblins
  7 hobgoblins
  8 jackals
  15 kobolds
  A quokka (D:2)
  3 frilled lizards
  A leopard gecko skeleton (D:4)
  10 rats
115 creatures vanquished.

Vanquished Creatures (collateral kills)
  Natasha (D:4)
  2 orcs (D:4)
  A quokka (D:4)
4 creatures vanquished.

Vanquished Creatures (others)
  A ball lightning (D:5)
  3 jackals (D:5)
4 creatures vanquished.

Grand Total: 123 creatures vanquished

Notes
Turn   | Place    | Note
-------+----------+-------------------------------------------
     0 | D:1      | doot the Formicid Fighter began the quest for the Orb.
     0 | D:1      | Reached XP level 1. HP: 18/18 MP: 1/1
   175 | D:1      | Reached XP level 2. HP: 24/24 MP: 2/2
   305 | D:1      | Reached XP level 3. HP: 21/30 MP: 3/3
   802 | D:2      | Reached XP level 4. HP: 36/37 MP: 4/4
   880 | D:2      | Noticed Jessica
   922 | D:2      | Killed Jessica
  1067 | D:2      | Reached XP level 5. HP: 26/42 MP: 5/5
  1925 | D:2      | Reached skill level 1 in Dodging
  2674 | D:3      | Found a deep blue altar of Sif Muna.
  2688 | D:3      | Found a shimmering altar of Xom.
  2709 | D:3      | Became a worshipper of Xom of Chaos
  2763 | D:3      | XOM: silly message
  2767 | D:3      | Reached XP level 6. HP: 40/48 MP: 6/6
  2845 | D:3      | XOM: stat loss: -1 Str (21/22)
  2853 | D:3      | Found a shadowy altar of Dithmenos.
  2866 | D:3      | Found a blossoming altar of Fedhas.
  2904 | D:3      | XOM: harmless Tmut miscast
  3025 | D:3      | XOM: cloud trail
  3027 | D:3      | Found a glowing silver altar of Zin.
  3441 | D:4      | XOM: divination: detect creatures
  3489 | D:4      | Found Xefuergh's Antique Armour Shoppe.
  3512 | D:4      | Learned a level 3 spell: Confuse
  3533 | D:4      | Bought a pair of translucent gloves for 256 gold pieces
  3538 | D:4      | Identified the +0 pair of gloves of Honour {rC+} (You bought it in a shop on level 4 of the Dungeon)
  3556 | D:4      | XOM is BORED!
  3556 | D:4      | XOM: swap monsters
  3722 | D:4      | Noticed Natasha
  3728 | D:4      | XOM: give mutations
  3728 | D:4      | Gained mutation: You are weak. (Str -2) [Xom's mischief]
  3728 | D:4      | Gained mutation: Scrolls take you a little longer to read. [Xom's mischief]
  3728 | D:4      | Killed Natasha
  3806 | D:4      | Reached XP level 7. HP: 51/55 MP: 7/7
  3855 | D:4      | Noticed Natasha
  3862 | D:4      | Killed Natasha
  3862 | D:4      | Reached skill level 1 in Hexes
  4279 | D:4      | XOM: harmless Summ miscast
  4325 | D:4      | Noticed Natasha
  4344 | D:4      | XOM: medium Erth miscast
  4348 | D:4      | Killed Natasha
  4502 | D:5      | Entered Level 5 of the Dungeon
  4650 | D:5      | XOM: severe Air miscast
  4694 | D:5      | XOM: confuse monster(s)
  4703 | D:5      | XOM: destruction
  4866 | D:5      | XOM: polymorph gnoll shaman -> howler monkey
  4879 | D:5      | XOM is BORED!
  4879 | D:5      | XOM: medium Conj miscast
  5293 | D:5      | XOM: scenery: create altars
  5313 | D:5      | XOM: scenery: create altars
  5382 | D:5      | Found a burning altar of Makhleb.
  5406 | D:5      | Splashed by a jelly's acid

Skill      XL: |  1  2  3  4  5  6  7 |
---------------+----------------------+-----
Shields        | 4 |  4.9
Fighting       | 4 |  4.8
Armour         | 4 |  4.6
Dodging        | 1 |  1.7
Axes           | 3 4 |  4.8
Hexes          | 1 |  1.7
Throwing       | |  0.6
Stealth        | |  0.3

Action                   |  1- 3 |  4- 6 |  7- 9 || total
-------------------------+-------+-------+-------++-------
Melee: War axe           |    77 |   208 |    98 ||   383
Throw: Javelin           |     2 |    10 |       ||    12
  Use: Potion            |       |       |     1 ||     1
 Stab: Confused          |       |     1 |       ||     1
  Eat: Chunk             |       |     9 |     4 ||    13
Armor: Scale mail        |    35 |    94 |    41 ||   170
Dodge: Dodged            |    29 |    86 |    41 ||   156
Block: Shield            |    57 |   117 |    60 ||   234
